 Dungeon Crawl Stone Soup version 0.26.1-2-gb8aa6d0cf2 (webtiles) character file.

Game seed: 13905784487565357544

219 jlumianski the Skirmisher (level 5, -13/49 HPs)
             Began as a Palentonga Fighter on Mar 3, 2021.
             Was an Initiate of Okawaru.
             Blown up by Ijyb (30 damage)
             ... with a disintegration bolt
             ... on level 4 of the Dungeon.
             The game lasted 00:10:25 (3093 turns).

jlumianski the Skirmisher (Palentonga Fighter)      Turns: 3093, Time: 00:10:25

Health: -13/49     AC: 10    Str: 20    XL:     5   Next: 63%
Magic:  6/6        EV:  3    Int:  8    God:    Okawaru [......]
Gold:   131        SH:  9    Dex: 10    Spells: 4/4 levels left

rFire    . . .     SeeInvis +   n - +0 broad axe
rCold    . . .     Faith    .   c - +0 kite shield
rNeg     . . .     Spirit   .   j - +0 chain mail
rPois    .         Reflect  .   s - +1 helmet
rElec    .         Harm     .   (no cloak)
rCorr    .         Rampage  .   (no gloves)
Will     .....                  (no barding)
Stlth    ..........             (no amulet)
HPRegen  0.16/turn              (no ring)
MPRegen  0.10/turn              (no ring)

@: lethally poisoned (-13 -> -14)
A: large, rugged brown scales 3, see invisible, deformed body, roll 1, armoured
tail
a: Rolling Charge, Renounce Religion


You were on level 4 of the Dungeon.
You worshipped Okawaru.
Okawaru was noncommittal.
You visited 1 branch of the dungeon, and saw 6 of its levels.

You collected 131 gold pieces.

Inventory:

Hand Weapons
 a - a +0 war axe
 n - a +0 broad axe (weapon)
Missiles
 g - 155 stones
 i - 8 poisoned darts (quivered)
Armour
 b - a +0 scale mail
 c - a +0 kite shield (worn)
 j - a +0 chain mail (worn)
 s - a +1 helmet (worn)
Jewellery
 f - an uncursed ring of see invisible
Scrolls
 e - a scroll of identify
 k - a scroll of teleportation
 l - a scroll of immolation {unknown}
 m - a scroll of amnesia
 o - a scroll of magic mapping {unknown}
 p - a scroll of fog {unknown}
 q - a scroll of random uselessness {unknown}
 r - a scroll of remove curse {unknown}
Potions
 d - a potion of might
 h - a potion of flight


   Skills:
 + Level 3.6 Fighting
 + Level 3.5 Axes
 + Level 3.3 Armour
 + Level 0.3 Dodging
 + Level 3.0 Shields
 * Level 2.2 Invocations


You had 4 spell levels left.
You didn't know any spells.
Your spell library was empty.

Dungeon Overview and Level Annotations

Branches:
Dungeon (6/15)
 Temple: D:4-7

Altars:
Fedhas
Gozag
Hepliaklqana
Kikubaaqudgha
Okawaru
Uskayaw
Wu Jian

Annotations:
D:4 Ijyb


Innate Abilities, Weirdness & Mutations

You are completely covered in rugged brown scales. (AC +3, +7% HP)
You have supernaturally acute eyesight. (SInv)
Armour fits poorly on your strangely shaped body.
You can roll at nearby foes to attack.
You have a long armoured tail.


Message History

You see here an adder corpse.
You feel sick.
You don't know any spells.
Okay, then.
You don't know any spells.
Okay, then.
Roll where?
Press: ? - help, Dir - move target, f - Ijyb
Aim: Ijyb, wearing a +0 ring mail and carrying a wand of disintegration (12)
You roll forward with a clatter of scales!
You closely miss Ijyb. You tail-slap Ijyb, but do no damage.
Ijyb hits you but does no damage. x2
Unknown command.
Your chain mail prevents you from hitting Ijyb.
Your tail-slap misses Ijyb.
You feel sick. Ijyb hits you.
Your shield prevents you from hitting Ijyb.
Your tail-slap misses Ijyb.
Ijyb zaps a wand.
You are blasted!
Ijyb zaps a wand.
You are blasted!
Ouch! That really hurt!
You die...

#..###..#
#.##$##.###
....#.#..).##
..#.##.##.#..### #
..####...####...#.#
.##?...!...?##....#
####...#†##..##.....
#.##.##.#..###.###.
...#.#..°°@g......
#.##(##..<.....###
#..###..#####..#
##..#..## ..# ##....
.# ####. # #. #. #.


You could see Ijyb.

Vanquished Creatures
  A water moccasin skeleton (D:3)
  A worker ant (D:4)
  6 adders
  4 gnolls (D:2)
  An ooze (D:1)
  A worm (D:3)
  2 leopard geckos (D:2)
  4 giant cockroaches
  3 goblins
  5 hobgoblins
  5 jackals
  4 kobolds
  2 quokkas (D:3)
  5 bats
  2 frilled lizards
  5 rats
51 creatures vanquished.

Notes
Turn   | Place    | Note
-------+----------+-------------------------------------------
     0 | D:1      | jlumianski the Palentonga Fighter began the quest for the
                  | Orb.
     0 | D:1      | Reached XP level 1. HP: 20/20 MP: 1/1
   368 | D:1      | Reached XP level 2. HP: 27/27 MP: 2/2
  1142 | D:2      | Found a blossoming altar of Fedhas.
  1265 | D:2      | Reached XP level 3. HP: 19/33 MP: 3/3
  1417 | D:2      | Found an iron altar of Okawaru.
  1420 | D:2      | Became a worshipper of Warmaster Okawaru
  1616 | D:2      | Found an opulent altar of Gozag.
  1616 | D:2      | Found an ancient bone altar of Kikubaaqudgha.
  1617 | D:2      | Found a hazy altar of Hepliaklqana.
  1622 | D:2      | Reached XP level 4. HP: 38/40 MP: 4/4
  1766 | D:2      | Reached skill level 1 in Invocations
  2314 | D:3      | Found a hide-covered altar of Uskayaw.
  2341 | D:3      | Found an ornate altar of the Wu Jian Council.
  2535 | D:3      | Reached XP level 5. HP: 24/48 MP: 6/6
  2835 | D:4      | You fall into a shaft and drop 2 floors!
  2928 | D:5      | Entered Level 5 of the Dungeon
  3087 | D:4      | Noticed Ijyb
  3093 | D:4      | Blown up by Ijyb

Illustrated notes

Levels and vault maps discovered:
D:1:      dpeg_arrival_rooms_with_view, layout_loops_ring
D:2:      layout_basic, fedhas_ov_isle_minmay, gammafunk_temple_overflow_claw,
          okawaru_trees_2
D:3:      layout_loops_corners, old_standard_altar, overflow_temple_1_default
D:4:      layout_loops_ring, minmay_fractal_squares_gapless_5, uniq_ijyb
D:5:      layout_loops_corners, minmay_temple_entry_waves, serial_shops,
          nicolae_shop_competitors_out_of_business, elyvilon_altar_1,
          uniq_duvessa
D:6:      layout_loops_ring, lemuel_crystal_altar, makhleb_heckhound_becter,
          marbit_many_paths, minmay_misc_feat_secret_circle

Skill      XL: |  1  2  3  4  5 |
---------------+----------------+-----
Armour         | 3 |  3.3
Invocations    | 1 2 |  2.2
Axes           | 3 |  3.5
Shields        | 3 |  3.0
Fighting       | |  3.6
Dodging        | |  0.3

Action                   |  1- 3 |  4- 6 || total
-------------------------+-------+-------++-------
Melee: War axe           |    77 |       ||    77
       Tailslap          |     9 |    18 ||    27
       Broad axe         |    16 |   100 ||   116
 Abil: Rolling Charge    |    12 |    13 ||    25
  Use: Scroll            |     1 |     2 ||     3
       Potion            |     1 |     1 ||     2
Armor: Scale mail        |    16 |       ||    16
       Chain mail        |    51 |    83 ||   134
Dodge: Dodged            |     8 |    17 ||    25
Block: Kite shield       |    39 |    59 ||    98
